 Dungeon Crawl Stone Soup version 0.30.0-11-gf55b779eaf (webtiles) character file.

Game seed: 17126495631461292867

31285 qdestroyer the Slicer (level 13, -15/122 HPs)
             Began as a Minotaur Fighter on May 16, 2023.
             Was the Champion of Okawaru.
             Killed from afar by an efreet (31 damage)
             ... with a fireball
             ... on level 13 of the Dungeon.
             The game lasted 00:22:19 (12871 turns).

qdestroyer the Slicer (Minotaur Fighter)           Turns: 12871, Time: 00:22:20

Health: -15/122    AC: 26    Str: 23    XL:     13   Next: 25%
Magic:  12/12      EV:  7    Int:  5    God:    Okawaru [******]
Gold:   920        SH:  6    Dex: 10    Spells: 12/12 levels left

rFire   . . .        o - +12 rapier of the Rat {speed, rElec rPois rCorr Dex-3}
rCold   . . .        c - +0 buckler
rNeg    . . .        u - +1 plate armour
rPois   +            (helmet restricted)
rElec   +            y - +0 cloak
rCorr   +            (no gloves)
SInv    +            e - +2 pair of boots
Will    .....        k - amulet of faith Stlth
                     i - +4 ring of protection
HPRegen 0.40/turn    G - ring of see invisible
MPRegen 0.13/turn

%: faith
@: no status effects
A: horns 2, retaliatory headbutt
a: Renounce Religion, Heroism, Finesse, Duel


You were on level 13 of the Dungeon.
You worshipped Okawaru.
Okawaru was exalted by your worship.
You visited 2 branches of the dungeon, and saw 14 of its levels.
You also visited: Sewer.

You collected 950 gold pieces.
You spent 30 gold pieces at shops.

Inventory:

Hand Weapons
 o - the +12 rapier of the Rat (weapon) {speed, rElec rPois rCorr Dex-3}
   (You found it on level 2 of the Dungeon)

   Dex:       It affects your dexterity (-3).
   rElec:     It insulates you from electricity.
   rPois:     It protects you from poison.
   rCorr:     It protects you from acid and corrosion.
Armour
 c - a +0 buckler (worn)
 e - a +2 pair of boots (worn)
 u - a +1 plate armour (worn)
 y - a +0 cloak (worn)
 M - the scarf "Plog" {shadows, Harm Dex+6}
   (Okawaru gifted it to you on level 11 of the Dungeon)

   Dex:       It affects your dexterity (+6).
   Harm:      It increases damage dealt and taken.
Jewellery
 i - a +4 ring of protection (left hand)
 k - an amulet of faith (around neck)
 n - a +6 ring of intelligence
 t - an amulet of reflection
 G - a ring of see invisible (right hand)
 H - a ring of flight
 I - an amulet of regeneration
 O - a +6 ring of dexterity
Wands
 g - a wand of mindburst (5)
 x - a wand of light (15)
 B - a wand of iceblast (21)
 J - a wand of polymorph (11)
 L - a wand of flame (4)
Scrolls
 a - 3 scrolls of identify
 f - 5 scrolls of enchant armour
 j - 3 scrolls of poison
 l - 6 scrolls of teleportation
 w - a scroll of fear
 C - 4 scrolls of amnesia
 D - 3 scrolls of blinking
 F - 4 scrolls of enchant weapon
 N - a scroll of fog
Potions
 b - 9 potions of curing
 d - 2 potions of might
 h - 4 potions of attraction
 m - 3 potions of mutation
 p - 5 potions of lignification
 q - 3 potions of cancellation
 r - 2 potions of heal wounds
 s - 2 potions of magic
 v - 2 potions of invisibility
 z - 3 potions of berserk rage
 A - a potion of ambrosia
 E - a potion of brilliance
 K - a potion of flight


   Skills:
 + Level 13.3 Fighting
 + Level 14.8 Short Blades
 + Level 5.8 Axes
 + Level 14.5 Armour
 + Level 11.3 Shields


You had 12 spell levels left.
You didn't know any spells.
Your spell library contained the following spells:

 Spells                   Type           Power      Damage    Failure   Level
 Shock                    Conj/Air       0%         1d3       99%         1
 Blink                    Tloc           0%         N/A       100%        2
 Cigotuvi's Dreadful Rot  Necr/Pois/Air  0%         N/A       100%        2
 Lesser Beckoning         Tloc           0%         N/A       100%        2
 Momentum Strike          Conj/Tloc      0%         3d8       100%        2
 Static Discharge         Conj/Air       0%         2-2/arc   100%        2
 Gell's Gravitas          Tloc           0%         N/A       100%        3
 Ignite Poison            Fire/Tmut/Pois 0%         N/A       100%        3
 Swiftness                Air            0%         N/A       100%        3
 Teleport Other           Tloc           0%         N/A       100%        3
 Vhi's Electric Charge    Tloc/Air       0%         N/A       100%        3
 Airstrike                Air            0%         2d(0-16)  100%        4
 Flame Wave               Conj/Fire      0%         2d4       100%        4
 Manifold Assault         Tloc           0%         N/A       100%        4
 Arcjolt                  Conj/Air       0%         1d10      100%        5
 Fireball                 Conj/Fire      0%         3d3       100%        5
 Freezing Cloud           Conj/Ice/Air   0%         6-21      100%        5
 Iskenderun's Battlesphe  Conj           0%         2d6       100%        5
 Conjure Ball Lightning   Conj/Air       0%         3x3d6     100%        6
 Dispersal                Tloc           0%         N/A       100%        6
 Orb of Destruction       Conj           0%         9d5       100%        7
 Maxwell's Capacitive Co  Air            0%         ∞         100%        8
 Spellforged Servitor     Conj/Summ      Unusable   N/A       N/A         7

Dungeon Overview and Level Annotations

Branches:
Dungeon (13/15)            Temple (1/1) D:7            Lair (0/5) D:8
    Orc (0/2) D:11          Sewer (visited)
 Vaults: D:13-14

Altars:
Ashenzari
Cheibriados
Dithmenos
Elyvilon
Fedhas
Gozag
Hepliaklqana
Kikubaaqudgha
Makhleb
Nemelex Xobeh
Okawaru
Qazlal
Ru
Sif Muna
Trog
Uskayaw
Vehumet
Wu Jian
Xom
Yredelemnul
Zin
The Shining One

Shops:
D:3 *   D:8 ?

Portals:
Trove: D:12 (give 11 potions of heal wounds)


Innate Abilities, Weirdness & Mutations

You have a pair of horns on your head.
You reflexively headbutt those who attack you in melee.


Message History

The centaur warrior shoots an arrow.
The arrow hits you.
The centaur warrior shoots an arrow.
You block the arrow.
The centaur warrior shoots an arrow.
The arrow hits you!
* * * LOW HITPOINT WARNING * * *
The centaur warrior shoots an arrow.
The arrow hits you!
* * * LOW HITPOINT WARNING * * *
The centaur warrior shoots an arrow.
The arrow closely misses you.
The centaur warrior shoots an arrow.
The arrow hits you.
* * * LOW HITPOINT WARNING * * *
The centaur warrior unwields a +0 shortbow.
The centaur warrior hits you.
* * * LOW HITPOINT WARNING * * *
The centaur warrior kicks you.
* * * LOW HITPOINT WARNING * * *
You puncture the centaur warrior!
The centaur warrior is moderately wounded.
The centaur warrior hits you.
* * * LOW HITPOINT WARNING * * *
The centaur warrior barely misses you.
You hit the centaur warrior.
Your headbutt misses the centaur warrior.
The centaur warrior is moderately wounded.
The centaur warrior hits you.
* * * LOW HITPOINT WARNING * * *
The centaur warrior kicks you but does no damage.
You puncture the centaur warrior! You headbutt the centaur warrior!
The centaur warrior is severely wounded.
You hit the centaur warrior.
The centaur warrior is severely wounded.
You puncture the centaur warrior!
The centaur warrior is almost dead.
The centaur warrior hits you but does no damage.
You block the centaur warrior's attack.
You hit the centaur warrior. You headbutt the centaur warrior.
You kill the centaur warrior!
Okawaru is honoured by your kill.
There is a stone staircase leading up here.
The efreet gestures at you.
The fireball explodes!
The fireball engulfs you!!
You die...

######### #.#.....#
#######
#.#.###.######......
#.>.#.#.#...........
#.###.#...####......
#.#...#c### #......
#.#.###.# #......
#.#@..#.# #......
#.###.#○# #....c.
#...#.R.# #......
##.###### ###c###
#..## ##..## ##..#
#....#
####'##########....#
#.....#.......+....'
#.....'.#######....#


You could see an efreet.

Vanquished Creatures
  Snorg (D:11)
  A hydra (D:11)
  A centaur warrior (D:13)
  6 two-headed ogres
  5 death yaks (D:7)
  4 boulder beetles
  Amaemon (D:8)
  A deep elf pyromancer (D:12)
  A manticore (D:12)
  An ugly thing (D:12)
  2 cyclopes
  Maggie (D:7)
  An orange demon (D:8)
  A kobold demonologist (D:11)
  An unseen horror (D:12)
  An efreet (D:10)
  3 trolls
  2 hornets
  Prince Ribbit (D:7)
  8 slime creatures
  Sigmund (D:2)
  2 shadows
  A wraith (D:9)
  6 humans (D:7)
  3 wyverns
  26 yaks
  2 basilisks
  Eustachio (D:6)
  Menkaure (D:7)
  4 steam dragons
  4 acid dragons
  3 water moccasins
  2 orc warriors
  2 ice beasts
  5 sky beasts
  4 black bears
  3 ogres
  A phantom (D:7)
  6 centaurs
  6 kobold brigands
  2 bullfrogs
  5 scorpions
  A gnoll sergeant (D:7)
  8 wights
  7 killer bees
  5 crimson imps
  A howler monkey (D:12)
  12 orc priests
  A hound (D:6)
  2 jellies
  A gnoll bouda (D:7)
  Crazy Yiuf (D:3)
  2 iguanas
  Ijyb (D:3)
  2 sleepcaps (D:6)
  Terence (D:3)
  4 orc wizards
  7 adders
  17 gnolls
  8 river rats
  3 white imps
  3 ufetubi
  5 worms
  A dart slug (D:2)
  44 orcs
  9 ball pythons
  8 bats
  9 endoplasms
  8 giant cockroaches
  6 goblins
  8 hobgoblins
  3 jackals (D:1)
  2 quokkas
  4 frilled lizards
  27 kobolds
  25 rats
379 creatures vanquished.

Vanquished Creatures (others)
  An orc (D:11)
1 creature vanquished.

Grand Total: 380 creatures vanquished

Notes
Turn   | Place    | Note
-------+----------+-------------------------------------------
     0 | D:1      | qdestroyer the Minotaur Fighter began the quest for the
                  | Orb.
     0 | D:1      | Reached XP level 1. HP: 19/19 MP: 0/0
     1 | D:1      | Found a runed translucent door.
   249 | D:1      | Reached XP level 2. HP: 27/27 MP: 1/1
   869 | D:1      | Reached XP level 3. HP: 33/33 MP: 2/2
  1049 | D:2      | Reached XP level 4. HP: 40/40 MP: 3/3
  1151 | D:2      | Identified the +12 rapier of the Rat {speed, rElec rPois
                  | rCorr Dex-3}
  1196 | D:2      | Noticed Sigmund
  1211 | D:2      | Killed Sigmund
  1212 | D:2      | Reached skill level 5 in Axes
  1212 | D:2      | Reached skill level 5 in Armour
  1212 | D:2      | Reached XP level 5. HP: 42/47 MP: 4/4
  1383 | D:2      | Reached XP level 6. HP: 53/53 MP: 5/5
  1617 | D:3      | Found Uciup's General Store.
  1639 | D:3      | Noticed Terence
  1646 | D:3      | Killed Terence
  1757 | D:3      | Reached skill level 1 in Short Blades
  1870 | D:3      | Reached skill level 5 in Fighting
  1878 | D:3      | Found a glowing drain.
  1887 | Sewer    | Entered a sewer
  1997 | Sewer    | Reached XP level 7. HP: 55/61 MP: 6/6
  2559 | D:3      | Noticed Ijyb
  2563 | D:3      | Killed Ijyb
  2612 | D:3      | Found a runed translucent door.
  2613 | D:3      | Noticed Crazy Yiuf
  2711 | D:3      | Killed Crazy Yiuf
  3176 | D:4      | Noticed a steam dragon
  3184 | D:4      | Killed a steam dragon
  3185 | D:4      | Reached skill level 5 in Shields
  3665 | D:4      | Found a bloodstained altar of Trog.
  3671 | D:4      | Reached skill level 5 in Short Blades
  3671 | D:4      | Reached XP level 8. HP: 68/70 MP: 7/7
  3953 | D:5      | Entered Level 5 of the Dungeon
  4431 | D:5      | Reached XP level 9. HP: 78/78 MP: 8/8
  4802 | D:5      | Reached XP level 10. HP: 48/91 MP: 9/9
  5119 | D:6      | Reached skill level 10 in Short Blades
  5185 | D:6      | Noticed Eustachio
  5206 | D:6      | Killed Eustachio
  5226 | D:6      | Found a basalt altar of Yredelemnul.
  5839 | D:7      | Noticed Maggie
  6037 | D:7      | Noticed Menkaure
  6040 | D:7      | Killed Menkaure
  6041 | D:7      | Reached skill level 10 in Fighting
  6254 | D:7      | Noticed Prince Ribbit
  6261 | D:7      | Killed Prince Ribbit
  6776 | D:7      | Killed Maggie
  6777 | D:7      | Reached XP level 11. HP: 88/101 MP: 10/10
  6848 | D:7      | Found a staircase to the Ecumenical Temple.
  6862 | Temple   | Entered the Ecumenical Temple
  6872 | Temple   | Became a worshipper of Warmaster Okawaru
  6994 | D:8      | Noticed a death yak
  6996 | D:8      | Noticed a death yak
  7000 | D:8      | Noticed a death yak
  7013 | D:7      | Killed a death yak
  7023 | D:7      | Reached * piety under Okawaru
  7036 | D:7      | Killed a death yak
  7276 | D:8      | Noticed a death yak
  7306 | D:8      | Noticed a death yak
  7320 | D:7      | Killed a death yak
  7457 | D:8      | Reached ** piety under Okawaru
  7483 | D:7      | HP: 5/101 [death yak (14)]
  7487 | D:7      | Killed a death yak
  7496 | D:7      | Killed a death yak
  7681 | D:8      | Found a staircase to the Lair.
  7839 | D:8      | Found Onuhesk's Magic Scroll Shoppe.
  7847 | D:8      | Bought a scroll of teleportation for 30 gold pieces
  7859 | D:8      | Noticed a two-headed ogre
  7865 | D:8      | Killed a two-headed ogre
  7865 | D:8      | Reached *** piety under Okawaru
  8065 | D:8      | Found a sacrificial altar of Ru.
  8196 | D:8      | Noticed Amaemon
  8215 | D:8      | Killed Amaemon
  8222 | D:8      | Reached skill level 10 in Shields
  8375 | D:9      | Reached **** piety under Okawaru
  8556 | D:9      | Reached XP level 12. HP: 106/110 MP: 11/11
  8610 | D:9      | Reached ***** piety under Okawaru
  8717 | D:9      | Found a shimmering altar of Xom.
  8778 | D:9      | Noticed a two-headed ogre
  8789 | D:9      | Killed a two-headed ogre
  9134 | D:10     | Entered Level 10 of the Dungeon
  9135 | D:10     | Noticed a two-headed ogre
  9173 | D:9      | Killed a two-headed ogre
  9383 | D:10     | Got the Atlas of Topological Outbursts
  9581 | D:10     | Found a stormy altar of Qazlal.
  9675 | D:10     | Noticed a boulder beetle
  9712 | D:10     | Killed a boulder beetle
 10005 | D:11     | Identified the scarf "Plog" {shadows, Harm Dex+6} (Okawaru
                  | gifted it to you on level 11 of the Dungeon)
 10005 | D:11     | Received a gift from Okawaru
 10073 | D:11     | Noticed a six-headed hydra
 10079 | D:11     | Killed a six-headed hydra
 10175 | D:11     | Noticed Snorg
 10193 | D:11     | Killed Snorg
 10450 | D:11     | Noticed a two-headed ogre
 10460 | D:11     | Killed a two-headed ogre
 10693 | D:11     | Noticed a boulder beetle
 10707 | D:11     | Killed a boulder beetle
 10793 | D:11     | Noticed a boulder beetle
 10843 | D:11     | Killed a boulder beetle
 10899 | D:11     | Found a staircase to the Orcish Mines.
 11222 | D:12     | Found a portal to a secret trove of treasure.
 11285 | D:12     | Noticed a two-headed ogre
 11293 | D:12     | Killed a two-headed ogre
 11339 | D:12     | Reached XP level 13. HP: 121/122 MP: 12/12
 11628 | D:12     | Reached ****** piety under Okawaru
 11628 | D:12     | Identified the +1 scale mail "Agichin" {+Inv rPois rC-
                  | Dex+6} (Okawaru gifted it to you on level 12 of the
                  | Dungeon)
 11628 | D:12     | Received a gift from Okawaru
 12871 | D:13     | Killed from afar by an efreet

Illustrated notes

Levels and vault maps discovered:
D:1:      dpeg_arrival_caged_fury, layout_rooms, serial_co_window_serial,
          co_window_paths_a, co_window_corner_a, co_window_cross_1,
          co_window_corner_a, co_window_paths_b, co_window_paths_a,
          co_window_of_opportunity_a, co_window_of_opportunity_a,
          co_window_corner_a, co_window_cross_3, co_window_unsneaky_path_a,
          co_window_paths_c, co_window_cross_2, glass_columns_c,
          glass_columns_b, serial_bayou_pond_b
D:2:      layout_loops_ring, serial_bayou_pond_e, nicolae_titane, uniq_sigmund
D:3:      minmay_bubble_buster, layout_rooms, cheibrodos_sewer_entry_sluice,
          serial_shops, shop, chequers_serial_rivers_micro_e, uniq_terence,
          uniq_crazy_yiuf_cottage, uniq_ijyb
D:4:      layout_cave_pods, trog_ov_bears_minmay
D:5:      layout_loops_ring, minmay_fire_ice_demons
D:6:      layout_basic, mainiacjoe_overflow_surrounded_room,
          minmay_diced_spiral, uniq_eustachio
D:7:      layout_loops_cross, minmay_temple_entry_poolview, minmay_ruffians,
          uniq_maggie, uniq_menkaure, uniq_prince_ribbit1
D:8:      layout_rooms, nicolae_ru_the_path_less_chosen, dpeg_lair_monsters,
          serial_shops, shop, uniq_amaemon
D:9:      layout_roguey, led_xom_imps, minivault_11
D:10:     layout_rooms, nicolae_qazlal_eye_of_the_storm
D:11:     minmay_distorted_concentric_squares, layout_irregular_city,
          hiddenorc1_lemuel, uniq_snorg
D:12:     layout_stronghold, trove_entry_hex_spiral
D:13:     layout_roguey, nicolae_hepliaklqana_hippocampus
Temple:   sentei_temple_godly_chess

Skill      XL: |  1  2  3  4  5  6  7  8  9 10 11 12 13 |
---------------+----------------------------------------+-----
Armour         | 4 5 6 8 11 13 14 | 14.5
Fighting       | 4 5 6 9 10 11 13 | 13.3
Shields        | 4 5 9 10 11 | 11.3
Axes           | 3 5 |  5.8
Short Blades   | 2 5 7 9 11 12 14 | 14.8

Action                     |  1- 3 |  4- 6 |  7- 9 | 10-12 | 13-15 || total
---------------------------+-------+-------+-------+-------+-------++-------
  Melee: War axe           |    74 |    13 |       |       |       ||    87
         Headbutt          |    11 |    18 |    23 |   166 |    44 ||   262
         Rapier            |       |   107 |   148 |   775 |   110 ||  1140
    Use: Scroll            |       |       |    21 |     5 |     2 ||    28
         Potion            |       |       |     1 |     2 |       ||     3
 Armour: Scale mail        |    36 |    47 |    13 |       |       ||    96
         Plate armour      |       |       |    61 |   262 |    28 ||   351
  Dodge: Dodged            |    41 |    53 |    30 |   144 |    12 ||   280
  Block: Buckler           |    11 |    29 |    22 |   115 |    21 ||   198
